 Dungeon Crawl Stone Soup version 0.27.0-66-gdc8fb28755 (webtiles) character file.

Game seed: 3086474396678295785

986 Spectrina the Covert (level 7, -13/76 HPs)
             Began as a Vampire Delver on Aug 20, 2021.
             Was a Believer of Yredelemnul.
             Mangled by an orc (17 damage)
             ... on level 6 of the Dungeon.
             The game lasted 00:17:08 (1909 turns).

Spectrina the Covert (Vampire Delver)               Turns: 1909, Time: 00:17:09

Health: -13/76     AC: 23    Str: 11 (13) XL:     7   Next: 97%
Magic:  9/9        EV:  2    Int: 12 (15) God:    Yredelemnul [**....]
Gold:   252        SH:  0    Dex: 17 (18) Spells: 6/6 levels left

rFire    + . .     SeeInvis +   a - +8 great mace of the Ecumenical Temple {vorpal, rPois rCorr Str+2 Int+3}
rCold    . . .     Faith    .   (shield currently unavailable)
rNeg     + + +     Spirit   .   (armour currently unavailable)
rPois    +         Reflect  .   (helmet currently unavailable)
rElec    .         Harm     .   (cloak currently unavailable)
rCorr    +         Rampage  .   (gloves currently unavailable)
Will     .....     NoTele   +   (boots currently unavailable)
Stlth    +++++.....             (no amulet)
HPRegen  0.42/turn              s - ring of protection from fire
MPRegen  0.11/turn              (no ring)

@: tree-form, healing quickly
A: stationary, stasis, torment immunity, boosted hp, alive, (fangs 3), see
invisible, vampiric 2
a: Exsanguinate, Renounce Religion, Animate Remains, Recall Undead Slaves,
Injury Mirror


You were on level 6 of the Dungeon.
You worshipped Yredelemnul.
Yredelemnul was pleased with you.
You were a tree.
You visited 2 branches of the dungeon, and saw 8 of its levels.

You collected 252 gold pieces.

Inventory:

Hand Weapons
 a - the +8 great mace of the Ecumenical Temple (weapon) {vorpal, rPois rCorr Str+2 Int+3}
   (You found it on level 3 of the Dungeon)

   It inflicts extra damage upon your enemies.
   Str:       It affects your strength (+2).
   Int:       It affects your intelligence (+3).
   rPois:     It protects you from poison.
   rCorr:     It protects you from acid and corrosion.
 b - a +1 vorpal shortbow
 f - a +0 dagger
 j - a +0 short sword
 r - a +2 mace of venom
Missiles
 h - 18 arrows
 q - 17 sling bullets
 t - 4 boomerangs
 A - 12 poisoned darts (quivered)
Armour
 k - a +0 leather armour
 n - a +2 scale mail of positive energy
 v - a +4 ring mail (melded)
 w - a +0 pair of boots (melded)
 B - a +0 buckler
 C - a +0 plate armour
Jewellery
 s - a ring of protection from fire (left branch)
Wands
 g - a wand of digging (3)
 x - a wand of paralysis (10)
Scrolls
 c - a scroll of fog
 d - a scroll of magic mapping
 e - 2 scrolls of fear
 i - 3 scrolls of enchant weapon {unknown}
 l - a scroll of silence {unknown}
 m - a scroll of blinking {unknown}
 y - a scroll of teleportation {unknown}
Potions
 D - a potion of haste


   Skills:
 - Level 2.6 Fighting
 - Level 2.1 Short Blades
 * Level 4.1 Maces & Flails
 - Level 2.1 Dodging
 + Level 11.8 Stealth
 + Level 3.5 Invocations


You had 6 spell levels left.
You didn't know any spells.
Your spell library contained the following spells:

 Spells                   Type           Power      Damage    Failure   Level
 Stone Arrow              Conj/Erth      0%         3d7       69%         3
 Petrify                  Tmut/Erth      0%         N/A       97%         4
 Bolt of Magma            Conj/Fire/Erth 0%         4d4       100%        5
 Irradiate                Conj/Tmut      0%         3d13      100%        5
 Shatter                  Erth           0%         3d5*      100%        9
 Sublimation of Blood     Necr           Unusable   N/A       N/A         2

Dungeon Overview and Level Annotations

Branches:
Dungeon (7/15)             Temple (1/1) D:5

Altars:
Ashenzari
Cheibriados
Dithmenos
Elyvilon
Gozag
Hepliaklqana
Kikubaaqudgha
Makhleb
Okawaru
Qazlal
Ru
Trog
Wu Jian
Yredelemnul
Zin
The Shining One


Innate Abilities, Weirdness & Mutations

You are a tree.
Your roots penetrate the ground, keeping you stationary.
You cannot be teleported.
You are immune to unholy pain and torment.
Your maximum health is greatly increased.
Your equipment is partially melded.
Your natural rate of healing is accelerated.
((You have razor-sharp teeth.))
You have supernaturally acute eyesight. (SInv)
You are afflicted with vampirism and can become a bat while bloodless.


Message History

You closely miss the orc warrior.
The orc warrior is moderately wounded.
The orc warrior barely misses you.
The orc warrior hits you with a +1 trident of protection.
You barely miss the orc warrior.
The orc warrior is moderately wounded.
The orc warrior hits you but does no damage.
You sock the orc warrior!
The orc warrior is severely wounded.
The orc warrior hits you with a +1 trident of protection! x2
You hit the orc warrior.
The orc warrior is almost dead.
The orc warrior hits you with a +1 trident of protection.
* * * LOW HITPOINT WARNING * * *
You sock the orc warrior!
You kill the orc warrior!
Yredelemnul accepts your kill.
The orc wizard gestures wildly while chanting.
The orc wizard flickers and vanishes for a moment.
Your Maces & Flails skill increases to level 4!
Unknown command.
Throw: 13 darts (poison)
Press: ? - help, Q - select action, (/) - cycle Shift-Dir - straight line, f - orc wizard
Aim: an orc wizard, wielding a +0 dagger and wearing a +0 robe (slightly transparent, 53% to hit)
You throw a poisoned dart. The poisoned dart hits the orc wizard.
You barely miss the orc wizard.
The orc wizard hits you but does no damage. x2
You sock the orc wizard!
You kill the orc wizard!
Yredelemnul accepts your kill.
You sock the orc wizard!
You kill the orc wizard!
Yredelemnul accepts your kill.
You feel your strength returning.
You completely miss the orc. The orc hits you but does no damage.
You are electrocuted!!
* * * LOW HITPOINT WARNING * * *
The orc hits you but does no damage.
You are electrocuted!
You die...
Yredelemnul claims you as an undead slave.

.. .#
########################.###
#>...........♣o(...........
######.##.########...<...|###
#..........##.#..(.#...#
###..#.#####.##.#.##((...#
#....#.# .##.#.##<#.S
#####.##.#.# .......S.# .
#.........># .....###o#
#.....###.## ........o.....#
#.....# #.# #.....o.......#


You could see an orc.

Vanquished Creatures
  A water moccasin (D:5)
  2 orc warriors
  A sky beast (D:5)
  A centaur (D:5)
  A scorpion (D:4)
  A wyvern skeleton (D:5)
  A water moccasin skeleton (D:5)
  A howler monkey (D:5)
  A centaur zombie (D:6)
  A bullfrog skeleton (D:5)
  An orc priest (D:4)
  An iguana (D:3)
  3 orc wizards
  A hound zombie (D:5)
  2 adders
  A white imp (D:6)
  4 worms
  A dart slug (D:5)
  12 orcs
  7 ball pythons
  3 endoplasms
  5 giant cockroaches
  4 goblins
  2 hobgoblins
  5 jackals
  2 quokkas
  4 bats
  A frilled lizard (D:3)
  7 kobolds
  5 rats
82 creatures vanquished.

Notes
Turn   | Place    | Note
-------+----------+-------------------------------------------
     0 | D:5      | Spectrina the Vampire Delver began the quest for the Orb.
     0 | D:5      | Reached XP level 1. HP: 17/17 MP: 1/1
    12 | D:5      | Found a staircase to the Ecumenical Temple.
    14 | D:5      | Noticed a centaur
    22 | D:5      | Killed a centaur
    23 | D:5      | Reached skill level 9 in Stealth
    23 | D:5      | Reached XP level 2. HP: 9/18 MP: 2/2
    23 | D:5      | Gained mutation: You are afflicted with vampirism and can
                  | become a bat while bloodless. [Vampire growth]
    23 | D:5      | Reached XP level 3. HP: 11/22 MP: 3/3
    23 | D:5      | Reached XP level 4. HP: 13/27 MP: 4/4
    38 | D:5      | Noticed a water moccasin
    63 | Temple   | Entered the Ecumenical Temple
   115 | Temple   | Became a worshipper of Yredelemnul the Dark
   259 | D:1      | Reached skill level 10 in Stealth
   483 | D:1      | Reached * piety under Yredelemnul
   522 | D:1      | Found a faded altar of an unknown god.
   747 | D:3      | Reached skill level 1 in Invocations
   747 | D:3      | Reached XP level 5. HP: 31/31 MP: 5/5
   854 | D:3      | Identified the +8 great mace of the Ecumenical Temple
                  | {vorpal, rPois rCorr Str+2 Int+3}
   985 | D:4      | Noticed an orc warrior
  1133 | D:4      | Found an opulent altar of Gozag.
  1193 | D:4      | Reached ** piety under Yredelemnul
  1277 | D:4      | Found a shadowy altar of Dithmenos.
  1277 | D:4      | Found a hazy altar of Hepliaklqana.
  1281 | D:4      | Found a burning altar of Makhleb.
  1282 | D:4      | Found a broken altar of Ashenzari.
  1347 | D:4      | Reached skill level 1 in Maces & Flails
  1347 | D:4      | Reached XP level 6. HP: 40/41 MP: 7/7
  1408 | D:4      | Killed an orc warrior
  1440 | D:4      | Reached skill level 11 in Stealth
  1605 | D:6      | Noticed an orc warrior
  1638 | D:5      | Noticed a sky beast
  1648 | D:5      | Killed a sky beast
  1649 | D:5      | Reached XP level 7. HP: 37/51 MP: 7/9
  1909 | D:6      | Mangled by an orc

Illustrated notes

Levels and vault maps discovered:
D:1:      mrwooster_arrival_statue_3, layout_rooms,
          hellmonk_ecumenical_altar_crossroads, minmay_cut_off
D:2:      layout_basic
D:3:      layout_basic, grunt_decor_arrowhead, minmay_checkerbox
D:4:      layout_basic, grunt_temple_overflow_gold_and_silver, minitemple,
          gup_sewer_entry_spiral, guppyfry_early_orc_mine, uniq_grinder
D:5:      layout_loops_ring, minmay_temple_entry_junction, minmay_diced_spiral
D:6:      due_chaos_kobolds, layout_basic, lemuel_another_geyser,
          uniq_crazy_yiuf_cottage
D:7:      layout_basic, uniq_pikel, uniq_harold
Temple:   compressed_dpeg_triangle_lava_temple

Skill      XL: |  1  2  3  4  5  6  7 |
---------------+----------------------+-----
Stealth        | 9 10 11 | 11.8
Invocations    | 1 2 3 |  3.5
Maces & Flails | 1 3 4 |  4.1
Fighting       | |  2.6
Short Blades   | |  2.1
Dodging        | |  2.1

Action                   |  1- 3 |  4- 6 |  7- 9 || total
-------------------------+-------+-------+-------++-------
Melee: Short sword       |     6 |     2 |       ||     8
       Mace              |       |    49 |       ||    49
       Dagger            |       |    22 |       ||    22
       Bite              |       |     7 |     2 ||     9
       Great mace        |       |    48 |    38 ||    86
 Fire: Shortbow          |       |     4 |     6 ||    10
Throw: Dart              |       |    10 |     4 ||    14
 Abil: Exsanguinate      |     1 |       |       ||     1
       Revivify          |       |     1 |       ||     1
  Use: Potion            |     1 |       |     5 ||     6
 Stab: Sleeping          |       |    26 |     1 ||    27
Armor: Leather armour    |     3 |    11 |       ||    14
       Scale mail        |       |    21 |       ||    21
       Ring mail         |       |    10 |    19 ||    29
       Skin              |       |       |    10 ||    10
Dodge: Dodged            |    12 |    65 |    18 ||    95
